 Dungeon Crawl Stone Soup version 0.31.0-32-g396128a36d (webtiles) character file.

Game seed: 10563815521384543122

10905 tdove the Covert (level 11, -3/77 HPs)
             Began as an Octopode Fighter on Mar 25, 2024.
             Slain by a komodo dragon (27 damage)
             ... on level 2 of the Lair of Beasts.
             The game lasted 00:36:22 (7857 turns).

tdove the Covert (Octopode Fighter)                 Turns: 7857, Time: 00:36:22

Health: -3/77      AC:  3    Str: 17    XL:     11   Next: 69%
Magic:  11/11      EV: 15    Int: 12    God:
Gold:   571        SH:  5    Dex: 13    Spells: 10/10 levels left

rFire   . . .        n - +4 short sword (elec)
rCold   + + .        b - +0 buckler
rNeg    . . .        j - +2 hat
rPois   +            m - amulet "Vuvvexis" {^Drain rPois rC+ Will+ Regen+}
rElec   .            d - ring of protection from cold
rCorr   .            (no ring)
SInv    .            (no ring)
Will    +....        (no ring)
Stlth   ++++++       (no ring)
HPRegen 1.12/turn    (no ring)
MPRegen 0.12/turn    (no ring)
                     (no ring)

%: no passive effects
@: no status effects
A: almost no armour, amphibious, 8 rings, camouflage 1, gelatinous body 1,
(nimble swimmer 1), tentacles
a: no special abilities


You were on level 2 of the Lair of Beasts.
You visited 2 branches of the dungeon, and saw 10 of its levels.

You collected 571 gold pieces.

Inventory:

Hand Weapons
 n - a +4 short sword of electrocution (weapon)
Armour
 b - a +0 buckler (worn)
 j - a +2 hat (worn)
Jewellery
 d - a ring of protection from cold (left tentacle)
 f - an amulet of faith
 g - an amulet of guardian spirit
 m - the amulet "Vuvvexis" (around mantle) {^Drain rPois rC+ Will+ Regen+}
   (You found it on level 2 of the Dungeon)

   [amulet of regeneration]

   rC+:       It protects you from cold.
   rPois:     It protects you from poison Will+: It increases your willpower.
   Regen+:    It increases your rate of health regeneration.
   ^Drain:    It drains your maximum health when unequipped.
Wands
 v - a wand of mindburst (6)
 x - a wand of polymorph (5)
Scrolls
 a - 2 scrolls of fog
 c - a scroll of revelation
 h - a scroll of amnesia
 o - a scroll of poison
 p - 2 scrolls of immolation
 r - a scroll of fear
 t - a scroll of vulnerability
Potions
 e - 3 potions of curing {unknown}
 k - 3 potions of enlightenment
 l - 2 potions of magic
 q - a potion of haste
 s - a potion of mutation {unknown}
 u - a potion of brilliance
 w - a potion of attraction {unknown}


   Skills:
 + Level 8.2 Fighting
 + Level 10.2 Short Blades
 + Level 7.4 Dodging
 + Level 13.8 Stealth
 + Level 5.9 Shields
 + Level 1.5 Unarmed Combat
 + Level 0.8 Evocations


You had 10 spell levels left.
You didn't know any spells.
Your spell library contained the following spells:

 Spells                   Type           Power      Damage    Failure   Level
 Summon Small Mammal      Summ           0%         N/A       38%         1
 Call Canine Familiar     Summ           0%         N/A       77%         3
 Summon Blazeheart Golem  Fire/Summ      0%         N/A       99%         4


Dungeon Overview and Level Annotations

Branches:
Dungeon (8/15)             Temple (0/1) D:7            Lair (2/5) D:8
  Swamp: Lair:2-3    Shoals: Lair:2-3     Snake: Lair:2-3    Spider: Lair:2-3

Altars:
Gozag
Hepliaklqana
Kikubaaqudgha
Okawaru
Ru
Vehumet
Wu Jian
Xom
Yredelemnul
Zin

Shops:
D:1 =   D:5 [*   D:6 [

Annotations:
D:7 3 runed translucent doors, Liamsmithers's ghost, novice MiFi


Innate Abilities, Weirdness & Mutations

You cannot wear most types of armour.
You are amphibious.
You can wear up to eight rings at the same time.
Your skin changes colour to match your surroundings (Stealth+).
Your rubbery body absorbs attacks. (AC +1, EV +1)
((You are camouflaged when in or above water. (Stealth+)))
You have tentacles for arms and can constrict up to eight enemies at once.


Message History

The four-headed hydra bites you! x2
You are too injured to fight recklessly!
You hit the four-headed hydra.
The four-headed hydra is heavily wounded.
You hit the four-headed hydra.
Lightning courses through the four-headed hydra!!
The four-headed hydra is severely wounded.
The four-headed hydra misses you.
You block the four-headed hydra's attack. x2
The four-headed hydra bites you.
You hit the four-headed hydra.
You squeeze the four-headed hydra, but do no damage.
The four-headed hydra is severely wounded.
You hit the four-headed hydra. You squeeze the four-headed hydra!
The four-headed hydra is almost dead.
The four-headed hydra bites you!
* * * LOW HITPOINT WARNING * * *
The four-headed hydra barely misses you.
The four-headed hydra completely misses you.
The four-headed hydra bites you.
* * * LOW HITPOINT WARNING * * *
You puncture the four-headed hydra!
The four-headed hydra is almost dead.
You hit the four-headed hydra.
You kill the four-headed hydra!
Found 18 gold pieces.
The komodo dragon misses you.
You see here a hydra corpse.
You hit the komodo dragon but do no damage.
You barely miss the komodo dragon. The komodo dragon misses you.
You hit the komodo dragon but do no damage.
You squeeze the komodo dragon!
The komodo dragon is moderately wounded.
You barely miss the komodo dragon.
The komodo dragon is moderately wounded.
The komodo dragon misses you.
You hit the komodo dragon but do no damage.
You squeeze the komodo dragon, but do no damage.
The komodo dragon is moderately wounded.
The komodo dragon bites you!!
You die...

#....#........#
.....P......P##
#............#
#.........##
#........##
##......[##
##........#
#........##
.......@..#
.......l..#
...........#
......#....#
.............
...........###
............
....$........


You could see a komodo dragon.

Vanquished Creatures
  2 hydras (Lair:2)
  Pikel (D:5)
  4 cane toads
  Maggie (D:6)
  5 komodo dragons
  2 polar bears (Lair:1)
  4 blink frogs (Lair:1)
  A wyvern (Lair:1)
  9 yaks
  3 basilisks (Lair:1)
  Eustachio (D:5)
  A steam dragon (Lair:1)
  8 water moccasins
  Duvessa (D:4)
  3 ice beasts
  2 sky beasts
  2 black bears
  A centaur (D:7)
  A phantom (D:5)
  A lemure (D:5)
  Blork the orc (D:6)
  6 bullfrogs
  2 gnoll sergeants (D:7)
  2 scorpions (D:6)
  Dowan (D:4)
  3 killer bees (D:8)
  A howler monkey (D:5)
  A hound (D:6)
  3 jellies (D:2)
  A bombardier beetle (D:6)
  2 orc priests
  2 sleepcaps (D:7)
  2 iguanas
  An orc wizard (D:7)
  11 gnolls
  4 river rats (D:5)
  9 adders
  A white imp (D:5)
  2 ribbon worms
  3 dart slugs
  7 orcs
  7 ball pythons
  6 bats
  13 endoplasms
  2 giant cockroaches
  5 goblins
  5 hobgoblins
  2 jackals (D:2)
  2 frilled lizards (D:2)
  11 kobolds
  13 rats
184 creatures vanquished.

Notes
Turn   | Place    | Note
-------+----------+-------------------------------------------
     0 | D:1      | tdove the Octopode Fighter began the quest for the Orb.
     0 | D:1      | Reached XP level 1. HP: 16/16 MP: 1/1
   186 | D:1      | Reached XP level 2. HP: 21/21 MP: 2/2
   601 | D:1      | Found Kenievai's Jewellery Shoppe.
   907 | D:2      | Reached skill level 1 in Stealth
   907 | D:2      | Reached XP level 3. HP: 26/26 MP: 3/3
   999 | D:2      | Reached skill level 2 in Stealth
  1006 | D:2      | Reached XP level 4. HP: 31/31 MP: 4/4
  1095 | D:2      | Found a faded altar of an unknown god.
  1335 | D:2      | Reached skill level 3 in Stealth
  1470 | D:2      | Identified the amulet "Vuvvexis" {^Drain rPois rC+ Will+
                  | Regen+}
  1578 | D:2      | Reached skill level 4 in Stealth
  1578 | D:2      | Reached XP level 5. HP: 36/36 MP: 5/5
  1578 | D:2      | Found an ancient bone altar of Kikubaaqudgha.
  1578 | D:2      | Found a basalt altar of Yredelemnul.
  1578 | D:2      | Found an opulent altar of Gozag.
  1578 | D:2      | Found a glowing silver altar of Zin.
  1578 | D:2      | Found a shimmering altar of Xom.
  1578 | D:2      | Found a shimmering altar of Xom.
  2400 | D:4      | Found a hazy altar of Hepliaklqana.
  2504 | D:4      | Noticed a black bear
  2508 | D:4      | Killed a black bear
  2509 | D:4      | Reached skill level 5 in Stealth
  2509 | D:4      | Reached XP level 6. HP: 43/43 MP: 6/6
  2890 | D:4      | Noticed Dowan
  2892 | D:4      | Noticed Duvessa
  2895 | D:4      | Killed Dowan
  2902 | D:4      | Killed Duvessa
  2903 | D:4      | Reached skill level 6 in Stealth
  2903 | D:4      | Reached XP level 7. HP: 19/47 MP: 7/7
  3080 | D:5      | Entered Level 5 of the Dungeon
  3144 | D:5      | Noticed Eustachio
  3262 | D:5      | Killed Eustachio
  3263 | D:5      | Reached skill level 7 in Stealth
  3427 | D:5      | Found Ihidue's General Store.
  3483 | D:5      | Reached skill level 5 in Short Blades
  3651 | D:5      | Noticed Pikel
  3673 | D:5      | Killed Pikel
  3674 | D:5      | Reached skill level 9 in Stealth
  3674 | D:5      | Reached XP level 8. HP: 37/54 MP: 8/8
  3854 | D:5      | Found a glowing drain.
  4028 | D:5      | Found Pucuut's Armour Shop.
  4213 | D:6      | Noticed Maggie
  4311 | D:6      | Noticed Blork the orc
  4318 | D:6      | Reached skill level 10 in Stealth
  4426 | D:6      | Killed Maggie
  4427 | D:6      | Reached XP level 9. HP: 16/60 MP: 9/9
  4490 | D:6      | Reached skill level 5 in Fighting
  4554 | D:6      | Found Gozeufif's Armour Shoppe.
  4585 | D:6      | Found an ornate altar of the Wu Jian Council.
  4594 | D:6      | Reached skill level 1 in Unarmed Combat
  4848 | D:6      | Killed Blork the orc
  5437 | D:7      | Found a runed translucent gate.
  5438 | D:7      | Found a runed translucent gate.
  5438 | D:7      | Found an opulent altar of Gozag.
  5439 | D:7      | Found a runed translucent gate.
  5441 | D:7      | Noticed a centaur warrior
  5441 | D:7      | Noticed Liamsmithers's ghost (novice MiFi)
  5443 | D:7      | Found a radiant altar of Vehumet.
  5534 | D:7      | Found a staircase to the Ecumenical Temple.
  5552 | D:7      | HP: 3/61 [gnoll/+0 spear[a gnoll sergeant] (7)]
  5872 | D:7      | Found an iron altar of Okawaru.
  6070 | D:7      | Reached skill level 5 in Dodging
  6183 | D:8      | Found a staircase to the Lair.
  6232 | Lair:1   | Entered Level 1 of the Lair of Beasts
  6252 | Lair:1   | Reached skill level 11 in Stealth
  6252 | Lair:1   | Reached XP level 10. HP: 54/68 MP: 10/10
  6347 | Lair:1   | Found a sacrificial altar of Ru.
  6354 | Lair:1   | Noticed a cane toad
  6493 | Lair:1   | Killed a cane toad
  6634 | Lair:1   | Reached skill level 5 in Shields
  6640 | Lair:1   | Reached skill level 12 in Stealth
  6747 | Lair:1   | Noticed a cane toad
  6753 | Lair:1   | Killed a cane toad
  6773 | Lair:1   | Reached XP level 11. HP: 65/75 MP: 11/11
  7155 | Lair:1   | HP: 2/75 [komodo dragon (5)]
  7160 | Lair:1   | Reached skill level 13 in Stealth
  7483 | Lair:2   | Reached skill level 10 in Short Blades
  7647 | Lair:2   | Noticed a six-headed hydra
  7675 | Lair:2   | Killed a six-headed hydra
  7794 | Lair:2   | Noticed a harpy
  7839 | Lair:2   | Noticed a four-headed hydra
  7851 | Lair:2   | Killed a four-headed hydra
  7857 | Lair:2   | Slain by a komodo dragon

Illustrated notes

Levels and vault maps discovered:
D:1:      wheals_arrival_shading, layout_basic, serial_shops,
          nicolae_shop_back_alley_shop, serial_rivers,
          chequers_serial_rivers_micro_b, chequers_serial_rivers_large_a,
          chequers_serial_rivers_micro_b, chequers_serial_rivers_micro_a,
          chequers_serial_rivers_micro_a, st_stairs_7, minmay_tripent
D:2:      cheibrodos_fertilizer, layout_basic, chequers_ecumenical_altar_grove,
          corner_web_ring, minmay_misc_feat_tower
D:3:      layout_basic
D:4:      layout_basic, mainiacjoe_overflow_tiny_flanked, uniq_duvessa
D:5:      layout_loops_corners, lightli_sewer_entry_pipes, serial_shops, shop,
          nicolae_shop_just_a_little_nook, uniq_eustachio, uniq_pikel
D:6:      layout_layer_cave, lemuel_tele_altar, serial_shops, shop,
          uniq_blork_the_orc, uniq_maggie
D:7:      layout_basic, overflow_temple_1_default, kennysheep_okawaru_gauntlet,
          minmay_temple_entry_stoned_glass, ebering_ghost_gozag
D:8:      layout_cave_pools, lair_entry_dummy, serial_shops,
          nicolae_shop_statue_plus, lightli_orcish_oven
Lair:1:   layout_regular_city, serial_bayou, serial_bayou_crossing,
          serial_bayou_pond_b, serial_bayou_lagoon_a, serial_bayou_ford_a,
          basic_altar
Lair:2:   layout_hall_layers, nicolae_shoals_entry_roost

Skill      XL: |  1  2  3  4  5  6  7  8  9 10 11 |
---------------+----------------------------------+-----
Stealth        | 1 2 4 5 6 9 10 11 12 13 | 13.8
Short Blades   | 3 4 5 6 8 9 10 | 10.2
Fighting       | 4 6 7 8 |  8.2
Dodging        | 4 5 6 7 |  7.4
Shields        | 4 5 |  5.9
Unarmed Combat | 1 |  1.5
Evocations     | |  0.8

Action                     |  1- 3 |  4- 6 |  7- 9 | 10-12 || total
---------------------------+-------+-------+-------+-------++-------
  Melee: Rapier            |    39 |    22 |       |       ||    61
         Constrict         |     6 |    10 |    37 |    14 ||    67
         Tentacles         |     6 |    12 |    48 |    55 ||   121
         Punch             |     1 |     3 |     3 |     6 ||    13
         Short sword       |       |    55 |   193 |   197 ||   445
         Unarmed           |       |       |    15 |       ||    15
  Evoke: Wand              |       |       |       |     4 ||     4
    Use: Scroll            |     1 |    10 |     7 |     4 ||    22
         Potion            |       |     1 |     3 |     3 ||     7
   Stab: Sleeping          |    13 |    16 |     9 |     8 ||    46
         Distracted        |       |     1 |     1 |     1 ||     3
 Armour: Skin              |     7 |    22 |    75 |    67 ||   171
  Dodge: Dodged            |    13 |    27 |    88 |    70 ||   198
  Block: Buckler           |     3 |    13 |    27 |    33 ||    76
